Map: Orbital Shipyard

Players

LilDicky

  • Race: Terran Terran
  • League: Diamond

JoeCrow - Winner!

  • Race: Zerg Zerg
  • League: Gold

VOD

http://www.twitch.tv/tumescentpie

Description

Time

  • Played on: Dec. 6, 2015, 11:05 p.m.
  • Length: 10:51
Show
View Real Time Build Order
Export as new Build Order

LilDicky Terran 

Build Orders: 1/1/1, Mech 

Get SALT Encoding   

  12  0:02  SCV  
  13  0:14  SCV  
  13  0:19  Supply Depot  
  14  0:26  SCV  
  15  0:35  Refinery  
  15  0:41  SCV  
  16  0:48  Barracks  
  16  0:53  SCV  
  17  1:05  SCV  
  17  1:06  Refinery  
  18  1:18  SCV  
  20  1:35  Supply Depot, Marine  
  20  1:39  Orbital Command  
  20  1:44  Factory  
  20  1:54  Marine  
  21  2:09  SCV  
  21  2:12  Barracks Reactor  
  22  2:21  SCV  
  23  2:28  Starport  
  23  2:32  Armory, Factory Tech Lab  
  23  2:38  SCV  
  24  2:46  Supply Depot  
  24  2:50  SCV, Marine  
  26  2:56  Marine  
  27  3:07  Supply Depot  
  28  3:17  Marine x2  
  29  3:45  Marine  
  30  3:57  Thor  
  30  3:58  Medivac  
  30  4:01  SCV  
  39  4:06  Command Center  
  39  4:14  SCV  
  39  4:15  Marine x2  
  39  4:16  Liberator  
  42  4:26  SCV  
  45  4:49  SCV  
  46  4:53  Siege Tank  
  46  4:55  Supply Depot  
  46  4:56  Marine x2  
  51  5:01  SCV  
  52  5:13  SCV  
  53  5:25  SCV  
  54  5:41  Thor  
  60  5:58  SCV  
  60  5:59  Orbital Command  
  61  6:32  Thor  
  67  6:33  SCV  
  67  6:34  Liberator  
  67  6:36  Command Center, SCV  
  67  6:37  Refinery  
  67  6:39  Refinery  
  63  6:57  SCV  
  63  6:58  SCV, Factory x2, Terran Vehicle Weapons Level 1  
  65  7:02  Supply Depot  
  65  7:11  SCV  
  59  7:56  Thor  
  57  8:10  Factory Tech Lab x2  
  51  8:19  Starport Reactor  
  51  8:20  SCV x2  
  53  8:31  Thor x2  
  53  8:32  SCV x2  
  53  8:33  Command Center  
  67  8:39  Thor, Marine x2  
  75  8:44  SCV  
  75  8:47  SCV  
  75  8:48  Refinery  
  77  8:49  Refinery  
  77  8:56  SCV  
  77  8:59  Armory  
  77  9:00  Liberator  
  74  9:21  Orbital Command  
  77  9:24  Liberator  
  77  9:27  SCV  
  77  9:42  SCV  
  77  9:43  SCV  
  77  9:44  Liberator  
  82  9:47  Thor  
  82  9:50  SCV  
  82  9:51  Orbital Command  
  89  9:55  SCV x2  
  95  10:00  Hellion x2  
  98  10:11  SCV x3  
  98  10:12  Command Center  
  103  10:21  Hellion  
Show
View Real Time Build Order
Export as new Build Order

JoeCrow Zerg - Winner!

Build Orders: Hatch First 

Get SALT Encoding   

  12  0:02  Drone  
  13  0:13  Overlord  
  13  0:20  Drone  
  14  0:32  Drone  
  14  0:33  Drone  
  16  0:40  Drone  
  17  0:53  Hatchery  
  17  0:56  Extractor  
  15  0:58  Drone  
  15  1:03  Drone  
  17  1:18  Spawning Pool  
  17  1:23  Drone  
  17  1:27  Drone  
  18  1:33  Drone  
  19  1:40  Overlord  
  18  2:10  Queen  
  18  2:11  Queen  
  18  2:12  Metabolic Boost  
  18  2:14  Zergling x4  
  24  2:18  Zergling x2  
  25  2:26  Drone x2  
  27  2:40  Drone x4  
  31  2:56  Hatchery  
  30  2:59  Drone x2  
  30  3:04  Overlord  
  32  3:21  Overlord, Drone  
  32  3:22  Drone x4  
  37  3:36  Overlord  
  36  3:47  Queen  
  37  3:51  Lair  
  37  3:56  Zergling x2  
  37  3:57  Zergling x4  
  37  4:02  Roach Warren  
  39  4:06  Extractor  
  39  4:07  Drone x4  
  39  4:08  Evolution Chamber  
  41  4:10  Evolution Chamber  
  40  4:26  Zergling x6  
  40  4:28  Queen  
  44  4:36  Overlord  
  44  4:37  Zergling x2  
  45  4:39  Overlord  
  45  4:46  Zerg Missile Weapons Level 1  
  45  4:49  Drone x3  
  48  4:53  Extractor  
  48  4:55  Extractor  
  46  5:06  Roach x2  
  46  5:07  Roach x2  
  54  5:08  Roach, Zergling x4  
  54  5:10  Drone x5  
  62  5:36  Overlord x3, Roach  
  62  5:37  Drone  
  62  5:40  Zerg Ground Armor Level 1  
  65  5:46  Drone x3  
  65  5:49  Queen  
  62  5:55  Ravager  
  62  6:09  Ravager  
  61  6:16  Ravager  
  53  6:29  Roach  
  53  6:30  Roach x11  
  75  6:48  Drone  
  75  6:49  Drone x2, Hydralisk Den  
  77  6:56  Overseer  
  77  7:00  Overlord  
  77  7:01  Overlord, Drone  
  77  7:02  Drone  
  77  7:05  Zerg Missile Weapons Level 2  
  78  7:16  Queen  
  77  7:23  Ravager x3  
  77  7:24  Ravager  
  77  7:26  Zergling x20  
  87  7:36  Ravager  
  79  8:07  Queen  
  79  8:13  Hatchery  
  79  8:15  Drone  
  79  8:16  Drone x8  
  87  8:23  Zerg Ground Armor Level 2  
  87  8:26  Muscular Augments  
  87  8:29  Glial Reconstitution  
  87  8:33  Drone x3  
  90  8:35  Extractor  
  90  8:37  Extractor  
  90  8:38  Hatchery  
  79  9:05  Roach x7  
  79  9:06  Roach x2  
  79  9:09  Overlord x4  
  96  9:19  Ravager x2  
  96  9:21  Overlord x3  
  95  9:46  Hydralisk x9  
  95  9:47  Hydralisk x2  
  104  9:58  Roach  
  104  9:59  Roach x4  
  112  10:12  Roach  
  112  10:13  Roach x6  
  119  10:31  Roach  
  119  10:32  Roach x8  
Tags
 
Add a new tag
Caveats
  • Supply blocks, unpowered buildings, or Contaminate may cause inaccurate times.
  • Supply counts are checked every 10 seconds.